[Event "Titled Tuesday Blitz March 22 Early 2022"]
[White "Grischuk, Alexander"]
[Black "Donchenko, Alexander"]
[WhiteFideId "4126025"]
[BlackFideId "24603295"]
[WhiteElo "2762"]
[BlackElo "2539"]
[Result "1/2-1/2"]
[Round "08"]
[TimeControl "180+1"]
[Date "2022.03.22"]
[WhiteClock "0:00:03"]
[BlackClock "0:00:11"]

1. e4 c5 2. Nc3 d6 3. Bb5+ Bd7 4. Bxd7+ Qxd7 5. d4 cxd4 6. Qxd4 Nc6 7. Qd3 g6 8. Nf3 Bg7 9. O-O Nf6 10. Nd5 O-O 11. Bg5 Ne8 12. Rad1 Nc7 13. c3 Ne6 14. Be3 Rfd8 15. Rfe1 Rac8 16. h4 h5 17. Qe2 Nc7 18. Bg5 Re8 19. Qe3 b6 20. Bh6 Nxd5 21. exd5 Ne5 22. Bxg7 Nxf3+ 23. Qxf3 Kxg7 24. Rd4 e5 25. dxe6 Rxe6 26. Red1 Rce8 27. g3 Re1+ 28. Kg2 Qb5 29. R1d3 Qxb2 30. Rxd6 Qe2 31. Qxe2 R1xe2 32. a4 R2e5 33. Rd7 R8e7 34. Rxe7 Rxe7 35. a5 bxa5 36. Rd5 Kf6 37. Rxa5 Ke6 38. f3 Rc7 39. g4 hxg4 40. fxg4 Rc4 41. Kf3 Rxc3+ 42. Kf4 Rc4+ 43. Kf3 Rc7 44. Kf4 Kf6 45. Ra6+ Kg7 46. h5 Rb7 47. hxg6 fxg6 48. Kg5 Rb5+ 49. Kf4 Rb7 50. Kg5 Rb5+ 51. Kf4 Rb7 1/2-1/2


[Site "https://www.chess.com"]

[Event "Titled Tuesday Blitz March 22 Early 2022"]
[White "Guseva, Marina"]
[Black "Siniauski, Artsiom"]
[WhiteFideId "4149351"]
[BlackFideId "13512269"]
[WhiteElo "2160"]
[BlackElo "2187"]
[Result "1-0"]
[Round "08"]
[TimeControl "180+1"]
[Date "2022.03.22"]
[WhiteClock "0:00:07"]
[BlackClock "0:00:05"]

1. d4 Nf6 2. Nf3 b6 3. Bf4 Bb7 4. e3 g6 5. Be2 Bg7 6. O-O O-O 7. a4 a5 8. c4 d6 9. Nc3 Nbd7 10. h3 Re8 11. d5 e5 12. dxe6 fxe6 13. Bg5 h6 14. Bh4 g5 15. Bg3 Nc5 16. Nd4 Qd7 17. Bf3 e5 18. Bxb7 Nxb7 19. Ndb5 c6 20. Na3 d5 21. cxd5 cxd5 22. Nab5 Rac8 23. Qd2 Nc5 24. Rad1 Rcd8 25. Qc2 e4 26. Bc7 Rc8 27. Bxb6 Nd3 28. Bd4 Nh5 29. Qb3 Rcd8 30. Bb6 Rb8 31. Qxd5+ Qxd5 32. Nxd5 Nxb2 33. Rb1 Nxa4 34. Bxa5 Nf6 35. Nxf6+ Bxf6 36. Nd6 Rxb1 37. Rxb1 Ra8 38. Bc7 Be5 39. Nb5 Bxc7 40. Nxc7 Rc8 41. Rb4 Nc3 42. Ne6 Ra8 43. Rc4 Ra1+ 44. Kh2 Nd1 45. Rc2 Ra4 46. Nc5 Rb4 47. g4 Kf7 48. Kg2 Ke7 49. Kf1 Nb2 50. Ke2 Kd6 51. Na6 Rb6 52. Nc7 Na4 53. Ne8+ Ke7 54. Ng7 Rb5 55. Nf5+ Kf6 56. Nxh6 Nc5 57. Nf5 Nd3 58. Nd6 Re5 59. Nxe4+ Rxe4 60. Kxd3 Re8 61. Ke2 Rh8 62. Kf3 Rxh3+ 63. Kg2 Rh8 64. f4 Re8 65. Kf3 Ra8 66. Rc6+ Kf7 67. Rc5 Ra4 68. Rxg5 Kf6 69. Rf5+ Kg6 70. Rb5 Ra1 71. Rb6+ Kf7 72. g5 Rg1 73. Ke4 Ra1 74. Kf5 Ra5+ 75. Kg4 Ra3 76. e4 Ra1 77. e5 Rg1+ 78. Kf5 Rc1 79. Rb7+ Kg8 80. g6 Rc8 81. Kf6 Rf8+ 82. Kg5 Ra8 83. f5 Ra1 84. f6 Rg1+ 85. Kf5 Rf1+ 86. Ke6 Rb1 87. Rb8+ Rxb8 88. g7 Re8+ 89. Kd6 Rd8+ 90. Ke7 Ra8 91. e6 Ra7+ 92. Kd6 Ra6+ 93. Ke5 Ra5+ 94. Kf4 Ra4+ 95. Kf5 Ra5+ 96. Kg6 Rg5+ 97. Kxg5 Kh7 98. e7 Kg8 99. e8=Q+ Kh7 100. Qh8# 1-0


[Site "https://www.chess.com"]

[Event "Titled Tuesday Blitz March 22 Early 2022"]
[White "Hakobyan, Aram"]
[Black "Petrosyan, Manuel"]
[WhiteFideId "13306677"]
[BlackFideId "13300857"]
[WhiteElo "2557"]
[BlackElo "2592"]
[Result "1/2-1/2"]
[Round "08"]
[TimeControl "180+1"]
[Date "2022.03.22"]
[WhiteClock "0:00:16"]
[BlackClock "0:00:11"]

1. d4 Nf6 2. Nf3 d5 3. c3 Bf5 4. Qb3 Qc8 5. c4 e6 6. cxd5 exd5 7. Nc3 c6 8. Bf4 Be7 9. Rc1 O-O 10. h3 Nbd7 11. e3 h6 12. Be2 Nb6 13. O-O Ne4 14. a4 Be6 15. a5 Nxc3 16. bxc3 Nc4 17. Bxc4 dxc4 18. Qa2 b5 19. e4 b4 20. cxb4 Bxb4 21. Rfd1 Rd8 22. Qa4 Qb7 23. Rb1 c5 24. d5 Bd7 25. Qc2 Qa6 26. Be5 Qxa5 27. Ra1 Qb5 28. Bc3 a5 29. Ne5 Be8 30. Ng4 a4 31. Be5 Ra6 32. Qc1 a3 33. d6 f6 34. Nxf6+ gxf6 35. Qxh6 fxe5 36. Qg5+ Kf7 37. Qxd8 Qd7 38. Qh4 Rxd6 39. Qh7+ Kf8 40. Qh8+ Kf7 41. Qh7+ Kf8 42. Qh8+ Kf7 43. Qh7+ 1/2-1/2


[Site "https://www.chess.com"]

[Event "Titled Tuesday Blitz March 22 Early 2022"]
[White "Hamitevici, Vladimir"]
[Black "Aaditya Dhingra"]
[WhiteFideId "13902393"]
[BlackFideId "25678191"]
[WhiteElo "2359"]
[BlackElo "1849"]
[Result "1-0"]
[Round "08"]
[TimeControl "180+1"]
[Date "2022.03.22"]
[WhiteClock "0:02:02"]
[BlackClock "0:01:58"]

1. d4 Nf6 2. c4 e6 3. g3 c5 4. Nf3 cxd4 5. Nxd4 a6 6. Bg2 Nc6 7. O-O Bc5 8. Nc2 O-O 9. Nc3 d6 10. Bf4 e5 11. Bg5 Be6 12. Ne4 Bxc4 13. Nxf6+ gxf6 14. Bh6 Re8 15. Ne3 Bxe3 16. fxe3 d5 17. b3 Bb5 18. Bxd5 Bxe2 19. Qxe2 1-0


[Site "https://www.chess.com"]

[Event "Titled Tuesday Blitz March 22 Early 2022"]
[White "Dronavalli, Harika"]
[Black "Fiorito, Fabian"]
[WhiteFideId "5015197"]
[BlackFideId "100200"]
[WhiteElo "2382"]
[BlackElo "2395"]
[Result "1-0"]
[Round "08"]
[TimeControl "180+1"]
[Date "2022.03.22"]
[WhiteClock "0:00:18"]
[BlackClock "0:00:09"]

1. d4 d5 2. Nf3 Nf6 3. Bf4 c5 4. e3 Nc6 5. Nbd2 cxd4 6. exd4 a6 7. c3 Bf5 8. Nh4 Bg4 9. Qb3 Na5 10. Qc2 e6 11. Bd3 Rc8 12. h3 Bh5 13. Nhf3 Be7 14. O-O Bg6 15. Rfe1 O-O 16. Bxg6 hxg6 17. Qd3 b5 18. a3 Nc4 19. Rab1 a5 20. Ne5 Nxd2 21. Bxd2 Qb6 22. Bg5 Rfd8 23. b4 a4 24. Re3 Qb7 25. Bxf6 Bxf6 26. Ng4 Bg5 27. Rf3 Qc7 28. Ne5 Bf6 29. Ng4 Qe7 30. Qxb5 Ra8 31. Re1 Rdb8 32. Nxf6+ gxf6 33. Qxd5 Qc7 34. Qc5 Qd8 35. Qc4 Rc8 36. Qe2 Ra7 37. Qd1 Kg7 38. h4 Qd7 39. Qd2 Rac7 40. h5 g5 41. h6+ Kg6 42. Rh3 Rh8 43. Qd3+ f5 44. Qd1 Rxh6 45. Rxh6+ Kxh6 46. Re3 Kg6 47. Rh3 g4 48. Rd3 Rc8 49. d5 e5 50. d6 Rh8 51. Rd5 Qd8 52. g3 Qg5 53. d7 Qh5 54. Rd6+ Kg7 55. Qd5 f4 56. d8=Q Qh2+ 57. Kf1 Qh3+ 58. Ke1 Rxd8 59. Rxd8 Qh5 60. gxf4 g3 61. fxg3 f6 62. Rd7+ Kh6 63. Rd6 Qh2 64. Rxf6+ Kg7 65. Qf7+ Kh8 66. Qf8+ Kh7 67. Rf7+ Kg6 68. Qg8+ Kh5 69. Rh7# 1-0


[Site "https://www.chess.com"]

[Event "Titled Tuesday Blitz March 22 Early 2022"]
[White "Harish, Neeraj"]
[Black "Dahlgren, James Allen"]
[WhiteFideId "30958130"]
[BlackFideId "22256873"]
[WhiteElo "1574"]
[BlackElo "2112"]
[Result "0-1"]
[Round "08"]
[TimeControl "180+1"]
[Date "2022.03.22"]
[WhiteClock "0:00:27"]
[BlackClock "0:00:35"]

1. e4 e6 2. d4 c5 3. Nf3 d5 4. exd5 exd5 5. Bb5+ Bd7 6. Bxd7+ Nxd7 7. O-O Ngf6 8. Bg5 Be7 9. c3 O-O 10. Nbd2 h6 11. Bf4 Ne4 12. Nxe4 dxe4 13. Ne5 Nf6 14. Qb3 cxd4 15. cxd4 Qxd4 16. Rfd1 Qb6 17. Ng6 Rfe8 18. Nxe7+ Rxe7 19. Qxb6 axb6 20. Rd6 Rd7 21. Rxb6 Rxa2 22. Rc1 Nd5 23. Rd6 Nxf4 24. Rxd7 Ne2+ 25. Kf1 Nxc1 26. Rxb7 Nd3 27. Ke2 Rxb2+ 28. Rxb2 Nxb2 29. Ke3 f5 30. Kf4 g6 31. g4 fxg4 32. Kxe4 Kf7 33. Kf4 h5 34. Kg5 Nd3 0-1


[Site "https://www.chess.com"]

[Event "Titled Tuesday Blitz March 22 Early 2022"]
[White "Heinemann, Josefine"]
[Black "Vovk, Orest"]
[WhiteFideId "12900460"]
[BlackFideId "14113490"]
[WhiteElo "2300"]
[BlackElo "2203"]
[Result "1-0"]
[Round "08"]
[TimeControl "180+1"]
[Date "2022.03.22"]
[WhiteClock "0:00:54"]
[BlackClock "0:00:23"]

1. Nf3 h6 2. e4 Nf6 3. Nc3 Nh7 4. d4 d6 5. Be2 Bg4 6. O-O Ng5 7. Nxg5 Bxe2 8. Qxe2 hxg5 9. Bxg5 Nc6 10. Rad1 Qd7 11. d5 Ne5 12. f4 Ng4 13. h3 Nf6 14. e5 Nh5 15. e6 fxe6 16. dxe6 Qc6 17. Nd5 Ng3 18. Qb5 Qxb5 19. Nxc7+ Kd8 20. Nxb5 Nxf1 21. Kxf1 Kc8 22. Rd3 a6 23. Rc3+ Kb8 24. Nc7 Ra7 25. Nd5 b5 26. Rc6 g6 27. Ke2 Kb7 28. Rc7+ Kb8 29. Rd7 Rb7 30. Nxe7 Bxe7 31. Bxe7 Re8 32. Bxd6+ Kc8 33. Rxb7 Rxe6+ 34. Be5 Kxb7 35. Kf3 Rc6 36. c3 Kc8 37. g4 Kd7 38. h4 Ke6 39. Ke4 Rc4+ 40. Ke3 Kd5 41. h5 gxh5 42. gxh5 Re4+ 43. Kf2 Rxe5 44. fxe5 Kxe5 45. Ke3 1-0


[Site "https://www.chess.com"]

[Event "Titled Tuesday Blitz March 22 Early 2022"]
[White "Horcajuelo Rocamora, Martin"]
[Black "Lauridsen, Jesper Morch"]
[WhiteFideId "24573027"]
[BlackFideId "1401890"]
[WhiteElo "1706"]
[BlackElo "2234"]
[Result "0-1"]
[Round "08"]
[TimeControl "180+1"]
[Date "2022.03.22"]
[WhiteClock "0:00:34"]
[BlackClock "0:00:46"]

1. e4 e6 2. d4 d5 3. Nc3 dxe4 4. Nxe4 Nd7 5. Nf3 Ngf6 6. Bg5 h6 7. Bxf6 Nxf6 8. Bd3 Be7 9. O-O O-O 10. Qe2 Rb8 11. Rad1 b6 12. Ne5 Bb7 13. c3 Qd5 14. f3 Rbd8 15. Nxf6+ Bxf6 16. Be4 Qxa2 17. Bxb7 c5 18. dxc5 Rxd1 19. Rxd1 Bxe5 20. Qxe5 Qxb2 21. cxb6 Qxb6+ 22. Kh1 Qxb7 23. h4 Rc8 24. Rd4 Qc7 25. Qe3 Qxc3 26. Rd8+ Kh7 27. Qe4+ f5 28. Rxc8 Qa1+ 0-1


[Site "https://www.chess.com"]

[Event "Titled Tuesday Blitz March 22 Early 2022"]
[White "Hua, Lefong"]
[Black "Rosenberg, Evan S"]
[WhiteFideId "2602253"]
[BlackFideId "2019299"]
[WhiteElo "2563"]
[BlackElo "2294"]
[Result "1-0"]
[Round "08"]
[TimeControl "180+1"]
[Date "2022.03.22"]
[WhiteClock "0:01:00"]
[BlackClock "0:00:01"]

1. d4 Nf6 2. c4 e6 3. Nc3 Bb4 4. f3 d5 5. a3 Bxc3+ 6. bxc3 c6 7. e4 dxe4 8. fxe4 e5 9. Nf3 Nxe4 10. Nxe5 Qh4+ 11. g3 Nxg3 12. hxg3 Qxh1 13. Qe2 O-O 14. Be3 f6 15. Nd3 Re8 16. O-O-O Qe4 17. Re1 Bf5 18. Qd2 Nd7 19. Kb2 Nb6 20. Nc5 Qg4 21. Qf2 Bg6 22. Ka1 Bf7 23. Nxb7 Rab8 24. Nd6 Red8 25. c5 Nd5 26. Bc4 h5 27. Bd2 Qd7 28. Rh1 Qc7 29. Nxf7 Qxf7 30. Qe2 Re8 31. Qxh5 Qxh5 32. Rxh5 g6 33. Bxd5+ cxd5 34. Rxd5 Rbd8 35. Rxd8 Rxd8 36. c6 Kf7 37. Be3 Ke6 38. c4 g5 39. d5+ Kd6 40. Bxa7 Ra8 41. Bd4 Rxa3+ 42. Kb2 Ra4 43. Kb3 Ra8 44. Bxf6 g4 45. Bg5 Kc5 46. Be3+ Kd6 47. Bf4+ Kc5 48. c7 1-0


[Site "https://www.chess.com"]

[Event "Titled Tuesday Blitz March 22 Early 2022"]
[White "Ianov, Viktor"]
[Black "Begunov, Konstantin"]
[WhiteFideId "14102730"]
[BlackFideId "4118510"]
[WhiteElo "2161"]
[BlackElo "2262"]
[Result "0-1"]
[Round "08"]
[TimeControl "180+1"]
[Date "2022.03.22"]
[WhiteClock "0:00:38"]
[BlackClock "0:00:13"]

1. Nf3 d5 2. g3 c6 3. Bg2 Bg4 4. O-O Nd7 5. d3 e5 6. Nbd2 Ngf6 7. e4 dxe4 8. dxe4 Bc5 9. h3 Bh5 10. Qe1 Qe7 11. Nc4 O-O 12. a4 Rfd8 13. Bg5 Bxf3 14. Bxf3 Nb6 15. Ne3 Bxe3 16. Bxe3 Nc4 17. Bc1 Qd7 18. Qc3 Nd2 19. Bxd2 Qxd2 20. Qxe5 Qxc2 21. Rfe1 Qb3 22. Re3 Qb4 23. Qc3 a5 24. Qxb4 axb4 25. Rb3 Rd4 26. e5 Nd5 27. a5 Nc7 28. Rd1 Rad8 29. Rxd4 Rxd4 30. Bg4 Ne6 31. f4 Nc5 32. Re3 Na4 33. b3 Nc3 34. Bc8 Nd5 35. Rf3 b6 36. a6 Rd1+ 37. Kf2 Ra1 38. Bb7 Nc3 39. Rd3 Kf8 40. Rd7 c5 41. Ke3 c4 42. bxc4 b3 43. Rd2 b2 44. Rxb2 Nd1+ 45. Kd4 Nxb2 46. Kd5 Ke7 47. f5 Kd7 48. g4 Kc7 49. e6 Rd1+ 50. Ke5 Nxc4+ 51. Kf4 fxe6 52. fxe6 Re1 53. Be4 Nd6 54. Bd5 Nb5 55. g5 Kd6 56. Bc4 Na7 57. h4 b5 58. Bb3 b4 59. h5 Rxe6 60. Bxe6 Kxe6 61. Ke3 Ke5 62. Kd3 Kd5 63. g6 h6 64. Kc2 Kc4 65. Kb2 b3 66. Kb1 Kb4 67. Kb2 Kc4 68. Kb1 Kc3 69. Kc1 Nb5 70. Kb1 b2 71. Ka2 Kc2 0-1


[Site "https://www.chess.com"]

[Event "Titled Tuesday Blitz March 22 Early 2022"]
[White "Indjic, Aleksandar"]
[Black "Shuvalova, Polina"]
[WhiteFideId "911925"]
[BlackFideId "24171760"]
[WhiteElo "2616"]
[BlackElo "2355"]
[Result "0-1"]
[Round "08"]
[TimeControl "180+1"]
[Date "2022.03.22"]
[WhiteClock "0:00:04"]
[BlackClock "0:00:07"]

1. d4 Nf6 2. Nf3 d5 3. Bf4 e6 4. e3 Bd6 5. Nbd2 O-O 6. Bd3 Bxf4 7. exf4 b6 8. h4 Ba6 9. Bxa6 Nxa6 10. c3 c5 11. Qe2 Nc7 12. h5 h6 13. Ne5 cxd4 14. cxd4 Qe8 15. g4 Qb5 16. g5 Ne4 17. Ndf3 Rac8 18. Rc1 Qb4+ 19. Kf1 Nb5 20. Rxc8 Rxc8 21. Kg2 Nxd4 22. Nxd4 Qxd4 23. Rd1 Qb4 24. gxh6 Nf6 25. Qf3 gxh6 26. Kh2 Kf8 27. Rg1 Qe4 28. Qg3 Qf5 29. Qh4 Qxh5 30. Kh3 Qxh4+ 31. Kxh4 Rc2 32. f3 Rh2+ 33. Kg3 Rxb2 34. Rc1 Nh5+ 35. Kg4 Nf6+ 36. Kg3 Ne8 37. Rc8 Rxa2 38. f5 exf5 39. Rb8 Re2 40. Kf4 Ke7 41. Rb7+ Kf6 42. Nd7+ Kg7 43. Ne5 Nd6 44. Rd7 Nc4 45. Nxf7 Kg6 46. Nh8+ Kf6 47. Rf7+ Ke6 48. Rxa7 Kd6 49. Kxf5 Rf2 50. f4 Ne3+ 51. Kg6 Rxf4 52. Nf7+ Kc5 53. Nd8 Re4 54. Kf6 Ng4+ 55. Kf5 Ne3+ 56. Kf6 Nc4 57. Ne6+ Kd6 58. Ng7 Rf4+ 59. Nf5+ Kc5 60. Ke6 Re4+ 61. Kf6 b5 62. Rc7+ Kb4 63. Ne7 Ne3 64. Rd7 Kc4 65. Rc7+ Kb4 66. Nc6+ Kb3 67. Ne5 Ng4+ 68. Nxg4 Rxg4 69. Rc5 b4 70. Rxd5 Re4 71. Rd1 Re2 72. Rb1+ Kc3 73. Rc1+ Kb2 74. Rc8 b3 75. Kg6 Kb1 76. Kxh6 b2 77. Kg5 Rc2 78. Rf8 Kc1 79. Rf1+ Kd2 80. Rb1 Kc3 81. Kf4 Rc1 0-1


[Site "https://www.chess.com"]

[Event "Titled Tuesday Blitz March 22 Early 2022"]
[White "Iskusnyh, Sergei"]
[Black "Sadovsky, Artem"]
[WhiteFideId "4120027"]
[BlackFideId "4155840"]
[WhiteElo "2492"]
[BlackElo "2314"]
[Result "1/2-1/2"]
[Round "08"]
[TimeControl "180+1"]
[Date "2022.03.22"]
[WhiteClock "0:00:17"]
[BlackClock "0:00:04"]

1. d4 g6 2. Nf3 Bg7 3. c4 d6 4. g3 e5 5. dxe5 dxe5 6. Qxd8+ Kxd8 7. Nc3 f6 8. b3 Be6 9. Ba3 Nd7 10. O-O-O Nh6 11. Ne4 Kc8 12. h4 Bf8 13. Bb2 Ng4 14. Bh3 h5 15. Nh2 Bh6+ 16. e3 f5 17. Bxg4 hxg4 18. Ng5 Bxg5 19. hxg5 Rh5 20. Rdg1 Nc5 21. Kc2 e4 22. Nf1 Kd7 23. Rxh5 gxh5 24. Rh1 Bf7 25. Nd2 Nd3 26. Rh2 Nxb2 27. Kxb2 Rg8 28. Kc3 c5 29. b4 cxb4+ 30. Kxb4 Rxg5 31. Nb3 b6 32. Rh1 Rg8 33. Rd1+ Ke7 34. Nd4 Kf6 35. Nc6 Rc8 36. Rd6+ Kg5 37. Ne5 Rc7 38. a4 h4 39. gxh4+ Kxh4 40. Rf6 Be8 41. Rxf5 a5+ 42. Kb3 Rc5 43. Ka3 Kh3 44. Kb3 Kg2 45. Kc3 Bxa4 46. Kd4 Bc2 47. Rf4 a4 48. Rxg4+ Kxf2 49. Rh4 Bb3 50. Rxe4 a3 51. Nd3+ Ke2 52. Nxc5 bxc5+ 53. Kc3 a2 54. Kb2 Kd3 55. Re8 Bxc4 56. e4 Kd4 57. e5 Kd5 58. e6 Kd6 59. e7 Bf7 60. Rc8 Kxe7 61. Rxc5 Kd6 62. Ra5 Bd5 63. Rxd5+ Kxd5 64. Kxa2 1/2-1/2


[Site "https://www.chess.com"]

[Event "Titled Tuesday Blitz March 22 Early 2022"]
[White "Janaszak, Dawid"]
[Black "Dushyant Sharma"]
[WhiteFideId "1119206"]
[BlackFideId "25065130"]
[WhiteElo "2199"]
[BlackElo "2105"]
[Result "1-0"]
[Round "08"]
[TimeControl "180+1"]
[Date "2022.03.22"]
[WhiteClock "0:00:39"]
[BlackClock "0:00:06"]

1. d4 d5 2. Bf4 e6 3. e3 f5 4. h3 Nf6 5. g4 Bd6 6. Ne2 O-O 7. gxf5 exf5 8. Nbc3 c6 9. Qd3 Ne4 10. Bxd6 Qxd6 11. f3 Nf6 12. O-O-O b5 13. Nf4 a5 14. Rg1 a4 15. Nce2 b4 16. Ng3 b3 17. cxb3 axb3 18. a3 Re8 19. Nxf5 Bxf5 20. Qxf5 Rxe3 21. Bd3 Nbd7 22. Nh5 g6 23. Rxg6+ hxg6 24. Qxg6+ Kf8 25. Qh6+ Kf7 26. Bg6+ Ke7 27. Qxe3+ Qe6 28. Qxe6+ Kxe6 29. Nf4+ Kd6 30. h4 c5 31. dxc5+ Kxc5 32. Nxd5 Rc8 33. Nc3 Ne5 34. Bf5 Rf8 35. Ne4+ Nxe4 36. fxe4 Rh8 37. Rd5+ Kc4 38. Rxe5 Rxh4 39. Be6+ Kd3 40. Bxb3 Rh1+ 41. Bd1 Rh7 42. Rd5+ Ke3 43. e5 Rc7+ 44. Kb1 Ke4 45. Bb3 1-0


[Site "https://www.chess.com"]

[Event "Titled Tuesday Blitz March 22 Early 2022"]
[White "Johnson, Ben"]
[Black "Rostovtsev, Dmitry"]
[WhiteFideId "2010917"]
[BlackFideId "34278320"]
[WhiteElo "2224"]
[BlackElo "2359"]
[Result "0-1"]
[Round "08"]
[TimeControl "180+1"]
[Date "2022.03.22"]
[WhiteClock "0:00:01"]
[BlackClock "0:00:27"]

1. Nf3 Nf6 2. c4 g6 3. b3 d6 4. d4 Bg7 5. Bb2 O-O 6. g3 Nfd7 7. Bg2 e5 8. e3 Nc6 9. O-O f5 10. dxe5 Ndxe5 11. Nxe5 Nxe5 12. f4 Nf3+ 13. Bxf3 Bxb2 14. Nd2 Bxa1 15. Qxa1 Qf6 16. Qc1 c6 17. e4 fxe4 18. Nxe4 Qe7 19. Rd1 Bf5 20. Nxd6 Rfd8 21. Nxf5 Rxd1+ 22. Qxd1 gxf5 23. Qc2 Qe6 24. Kg2 Rd8 25. c5 Qf6 26. b4 a6 27. a4 Kg7 28. b5 axb5 29. axb5 Rd7 30. bxc6 bxc6 31. h4 Kh8 32. Qb3 Rd2+ 33. Kh3 Qb2 34. Qxb2+ Rxb2 35. Bxc6 Rc2 36. Bd7 Rxc5 37. g4 fxg4+ 38. Kxg4 Kg7 39. h5 Kf6 40. Ba4 h6 41. Bb3 Rc1 42. Ba2 Rg1+ 43. Kh4 Kf5 44. Bb3 Kxf4 45. Bf7 Rh1# 0-1


[Site "https://www.chess.com"]

[Event "Titled Tuesday Blitz March 22 Early 2022"]
[White "Kanyamarala, Tarun"]
[Black "Hoffmann, Asa"]
[WhiteFideId "45004714"]
[BlackFideId "2001470"]
[WhiteElo "2075"]
[BlackElo "2117"]
[Result "1-0"]
[Round "08"]
[TimeControl "180+1"]
[Date "2022.03.22"]
[WhiteClock "0:01:20"]
[BlackClock "0:00:51"]

1. Nf3 d6 2. d4 Bg4 3. c4 Nd7 4. g3 Bxf3 5. exf3 c6 6. Bg2 g6 7. O-O Bg7 8. Nc3 e6 9. Ne4 Qe7 10. Bf4 e5 11. dxe5 dxe5 12. Nd6+ Kf8 13. Be3 b6 14. f4 Rd8 15. Nb7 Rc8 16. Qa4 Nb8 17. Qxa7 Nf6 18. Bxb6 Nfd7 19. Bh3 exf4 20. Rad1 f5 21. Rfe1 Be5 22. gxf4 Kg7 23. fxe5 Qh4 24. Bg2 f4 25. f3 Rhe8 26. e6 Nxb6 27. Qxb6 Nd7 28. Rxd7+ Kh6 29. Qf2 1-0


[Site "https://www.chess.com"]

[Event "Titled Tuesday Blitz March 22 Early 2022"]
[White "Khamdamova, Afruza"]
[Black "Bongo Akanga Ndjila, Barthelemy"]
[WhiteFideId "14210444"]
[BlackFideId "10609431"]
[WhiteElo "1660"]
[BlackElo "1803"]
[Result "1-0"]
[Round "08"]
[TimeControl "180+1"]
[Date "2022.03.22"]
[WhiteClock "0:00:31"]
[BlackClock "0:00:29"]

1. e4 c6 2. d4 d5 3. Nc3 dxe4 4. Nxe4 Nf6 5. Nxf6+ gxf6 6. Nf3 Bg4 7. Be2 e6 8. Bf4 Bd6 9. Bxd6 Qxd6 10. c3 Nd7 11. Nd2 Bf5 12. Nc4 Qf4 13. Bd3 Bg4 14. Qd2 Qc7 15. f3 Bh5 16. O-O-O Bg6 17. Bxg6 hxg6 18. g3 O-O-O 19. Qc2 f5 20. f4 Nf6 21. Ne5 Ne4 22. Rhe1 Rh7 23. Re3 Rdh8 24. h4 c5 25. d5 Kb8 26. d6 Nxd6 27. Red3 Ne4 28. Rd7 Qb6 29. Rxf7 Rxf7 30. Nxf7 Re8 31. Ne5 Nxg3 32. Nd7+ Kc7 33. Nxb6 Kxb6 34. Qb3+ Kc6 35. Qa4+ 1-0


[Site "https://www.chess.com"]

[Event "Titled Tuesday Blitz March 22 Early 2022"]
[White "Khamzin, Olzhas"]
[Black "Timofeev, Artyom"]
[WhiteFideId "13701690"]
[BlackFideId "4140419"]
[WhiteElo "2194"]
[BlackElo "2594"]
[Result "0-1"]
[Round "08"]
[TimeControl "180+1"]
[Date "2022.03.22"]
[WhiteClock "0:02:50"]
[BlackClock "0:02:51"]

1. d4 d5 2. Nc3 Nf6 3. Bg5 g6 4. e3 Bg7 5. Nf3 O-O 6. h4 Bg4 7. Be2 c5 8. Ne5 Bxe2 9. Qxe2 Nc6 10. e4 cxd4 11. Nxd5 Nxe5 0-1


[Site "https://www.chess.com"]

[Event "Titled Tuesday Blitz March 22 Early 2022"]
[White "Koellner, Ruben Gideon"]
[Black "Oganian, Miran"]
[WhiteFideId "12993093"]
[BlackFideId "4122488"]
[WhiteElo "2516"]
[BlackElo "2357"]
[Result "0-1"]
[Round "08"]
[TimeControl "180+1"]
[Date "2022.03.22"]
[WhiteClock "0:01:17"]
[BlackClock "0:00:32"]

1. d4 e6 2. Nf3 d5 3. Nbd2 Nf6 4. e3 c5 5. c3 Nc6 6. Bd3 g6 7. O-O Bg7 8. dxc5 O-O 9. Qe2 a5 10. a4 Qe7 11. Nb3 Nd7 12. e4 dxe4 13. Bxe4 Nxc5 14. Nxc5 Qxc5 15. Be3 Qh5 16. Rfd1 e5 17. Qc4 Be6 18. Bd5 Bxd5 19. Rxd5 Qf5 20. Rad1 h6 21. Qb5 Rab8 22. Rd7 Qc2 23. h3 Nd4 24. R1xd4 exd4 25. Bxd4 Bxd4 26. Nxd4 Qc1+ 27. Kh2 Qf4+ 28. Kg1 Rfe8 29. Nf3 Red8 30. Nd4 Rxd7 31. Qxd7 Qc1+ 32. Kh2 Qxb2 33. Qc7 Rf8 34. Nb5 Qxf2 35. Qxb7 Qf4+ 36. g3 Qxa4 37. Qd5 Qc2+ 38. Qg2 Qxg2+ 39. Kxg2 a4 40. Kf3 Rb8 41. c4 a3 42. Nxa3 Rb3+ 0-1


[Site "https://www.chess.com"]

[Event "Titled Tuesday Blitz March 22 Early 2022"]
[White "Kollars, Dmitrij"]
[Black "Nepomniachtchi, Ian"]
[WhiteFideId "12909572"]
[BlackFideId "4168119"]
[WhiteElo "2584"]
[BlackElo "2740"]
[Result "1/2-1/2"]
[Round "08"]
[TimeControl "180+1"]
[Date "2022.03.22"]
[WhiteClock "0:00:29"]
[BlackClock "0:01:10"]

1. e4 e5 2. Nf3 Nc6 3. Nc3 Nf6 4. Bb5 Nd4 5. Bc4 Bc5 6. d3 d6 7. Na4 b5 8. Nxd4 bxc4 9. Nf5 Bxf5 10. exf5 cxd3 11. Nxc5 dxc5 12. cxd3 O-O 13. O-O Qd7 14. Qf3 Rfd8 15. Be3 Qxd3 16. Rac1 h6 17. h3 Qa6 18. Qg3 Kh7 19. Qxe5 Qxa2 20. Rxc5 Nd7 21. Qd5 Qxd5 22. Rxd5 Nb6 23. Rc5 Nd5 24. Ra1 Nxe3 25. fxe3 Rd7 26. Kf2 Rb8 27. Rxa7 Rxb2+ 28. Kf3 Rdd2 29. Rcxc7 Rf2+ 30. Ke4 Rb4+ 31. Kd3 Rb3+ 32. Kc4 Rxe3 33. Rxf7 Rg3 34. f6 Rfxg2 35. Rxg7+ Rxg7 36. Rxg7+ Rxg7 37. fxg7 Kxg7 38. Kd4 Kg6 39. Ke4 Kh5 40. Kf3 Kh4 41. Kg2 h5 42. Kh2 Kg5 43. Kg2 h4 44. Kh2 Kf4 45. Kg2 Ke3 46. Kh1 Kf2 47. Kh2 Kf3 48. Kh1 Kg3 49. Kg1 Kxh3 50. Kh1 Kg3 51. Kg1 h3 52. Kh1 h2 1/2-1/2


[Site "https://www.chess.com"]

[Event "Titled Tuesday Blitz March 22 Early 2022"]
[White "Koridze, Lile"]
[Black "Estrada Nieto, Julian"]
[WhiteFideId "13612514"]
[BlackFideId "5101018"]
[WhiteElo "1999"]
[BlackElo "2246"]
[Result "1-0"]
[Round "08"]
[TimeControl "180+1"]
[Date "2022.03.22"]
[WhiteClock "0:01:20"]
[BlackClock "0:00:06"]

1. d4 d5 2. c4 dxc4 3. Nc3 a6 4. a4 Nc6 5. e3 Na5 6. Nf3 Nf6 7. Ne5 Be6 8. Be2 g6 9. O-O Bg7 10. Bf3 O-O 11. e4 c6 12. Be3 Nd7 13. Ng4 Nb3 14. Rb1 Bxg4 15. Bxg4 e5 16. d5 Nf6 17. Be2 cxd5 18. exd5 Rc8 19. Bxc4 Rxc4 20. Qxb3 Qc8 21. h3 Rd8 22. Rfd1 Bf8 23. Bg5 Rb4 24. Qa2 Rd6 25. Rd3 Qf5 26. Rg3 Nxd5 27. Nxd5 Rxd5 28. Qxd5 Qxb1+ 29. Kh2 Rd4 30. Qxb7 Bd6 31. Bh6 Be7 32. Qxe7 1-0


[Site "https://www.chess.com"]

[Event "Titled Tuesday Blitz March 22 Early 2022"]
[White "Kosteniuk, Alexandra"]
[Black "Altman, Joshua"]
[WhiteFideId "4128125"]
[BlackFideId "426210"]
[WhiteElo "2469"]
[BlackElo "1945"]
[Result "1-0"]
[Round "08"]
[TimeControl "180+1"]
[Date "2022.03.22"]
[WhiteClock "0:01:24"]
[BlackClock "0:00:43"]

1. e4 e6 2. d4 d5 3. Nc3 Nf6 4. Bg5 dxe4 5. Nxe4 Nbd7 6. Nf3 Be7 7. Nxf6+ Nxf6 8. Bd3 b6 9. Qe2 Bb7 10. O-O-O O-O 11. Kb1 c5 12. dxc5 Qc7 13. c6 Bxc6 14. h4 h6 15. Ne5 Bd5 16. Rh3 Nh7 17. Bf4 Bd6 18. Rg3 Nf6 19. c4 Bb7 20. Bc2 Rad8 21. Rxd6 Qxd6 22. Bxh6 Ne4 23. Bxe4 Qd1+ 24. Qxd1 Rxd1+ 25. Kc2 Bxe4+ 26. Kxd1 1-0


[Site "https://www.chess.com"]

[Event "Titled Tuesday Blitz March 22 Early 2022"]
[White "Kotepalli, Sai Nirupama"]
[Black "Pinheiro, Iung Alicio de O."]
[WhiteFideId "5039444"]
[BlackFideId "2104350"]
[WhiteElo "2407"]
[BlackElo "2523"]
[Result "0-1"]
[Round "08"]
[TimeControl "180+1"]
[Date "2022.03.22"]
[WhiteClock "0:00:02"]
[BlackClock "0:00:08"]

1. e4 c5 2. Nf3 Nc6 3. d3 g6 4. g3 Bg7 5. Bg2 e5 6. O-O Nge7 7. c3 O-O 8. a3 d6 9. b4 a6 10. Nh4 Rb8 11. Nd2 b5 12. Nb3 c4 13. dxc4 bxc4 14. Nd2 Be6 15. Qe2 Qc7 16. Ndf3 h6 17. Nd2 Nd4 18. Qd1 Rfd8 19. Bb2 Rbc8 20. Rc1 Nb3 21. Rc2 d5 22. exd5 Nxd5 23. Qe2 Nb6 24. Re1 Qd7 25. Nf1 Qd3 26. Bb7 Rc7 27. Bxa6 Na4 28. Ba1 Bg4 29. Qxg4 Qxc2 30. Bxc4 Nd4 31. Bxf7+ Rxf7 32. f4 Nxc3 33. Ne3 Nce2+ 34. Kh1 Qe4+ 35. Nhg2 Nc3 36. Bxc3 Nf3 37. Rf1 Nd2 38. fxe5 Nxf1 39. Qxe4 Nxe3 40. Nxe3 Re7 41. Kg2 Rde8 42. Nd5 Re6 43. Qc4 Kh7 44. Nc7 Rxe5 45. Nxe8 Rxe8 46. Qf7 Re2+ 0-1


[Site "https://www.chess.com"]